 Dungeon Crawl Stone Soup version 0.29.0-4-gdea44cf6ec (webtiles) character file.

Game seed: 10457078900073661984

17 qw the Vexing (level 2, 0/27 HPs)
             Began as an Ogre Enchanter on Sept 3, 2022.
             Succumbed to a kobold's poison
             ... on level 1 of the Dungeon.
             The game lasted 00:00:31 (633 turns).

qw the Vexing (Ogre Enchanter)                       Turns: 633, Time: 00:00:31

Health: 0/27       AC:  3    Str: 11    XL:     2   Next: 62%
Magic:  5/5        EV:  9    Int: 16    God:
Gold:   13         SH:  0    Dex:  9    Spells: 5/5 levels left

rFire   . . .      SeeInvis .   g - +0 mace
rCold   . . .      Faith    .   (no shield)
rNeg    . . .      Spirit   .   b - +0 robe
rPois   .          Reflect  .   (helmet restricted)
rElec   .          Harm     .   (no cloak)
rCorr   .          Rampage  .   (gloves unavailable)
Will    .....                   (boots unavailable)
Stlth   ++........              (no amulet)
HPRegen 0.09/turn               (no ring)
MPRegen 0.09/turn               (no ring)

@: lethally poisoned (0 -> -3)
A: large, unfitting armour, tough skin 1
a: no special abilities


You were on level 1 of the Dungeon.
You visited 1 branch of the dungeon, and saw 1 of its levels.

You collected 13 gold pieces.


Innate Abilities, Weirdness & Mutations

You are too large for most types of armour.
You have tough skin. (AC +1)


   Skills:
 + Level 1.0 Fighting
 - Level 0.8 Short Blades
 - Level 2.0 Axes
 - Level 1.7 Dodging
 - Level 2.1 Stealth
 - Level 2.4 Spellcasting
 - Level 2.6 Hexes


You had 5 spell levels left.
You didn't know any spells.
Your spell library contained the following spells:

 Spells                   Type           Power      Damage    Failure   Level
 Ensorcelled Hibernation  Hex/Ice        12%        N/A       17%         2
 Confusing Touch          Hex            10%        N/A       21%         3
 Tukima's Dance           Hex            10%        N/A       21%         3
 Dazzling Flash           Conj/Hex       12%        N/A       34%         3

Inventory:

Hand Weapons
 g - a +0 mace (weapon)
Armour
 b - a +0 robe (worn)
Scrolls
 a - a scroll of vulnerability {unknown}
 e - 2 scrolls of teleportation {unknown}
Potions
 c - 2 potions of invisibility
 f - a potion of might {unknown}

Dungeon Overview and Level Annotations

Branches:
Dungeon (1/15)

Altars:


Message History

The dart slug launches a dart at you. The slug dart hits you.
You hit the dart slug.
You kill the dart slug!
You start resting.
A kobold is nearby!
The kobold throws a stone.
The stone hits you but does no damage.
You miss the kobold.
The kobold hits you with a +0 dagger of venom.
You are poisoned.
You barely miss the kobold.
You feel sick.
The kobold hits you with a +0 dagger of venom.
You are more poisoned.
You hit the kobold but do no damage.
You feel very sick. The kobold barely misses you.
The kobold hits you with a +0 dagger of venom.
You closely miss the kobold.
You feel very sick. The kobold closely misses you.
You closely miss the kobold.
You feel sick. The kobold hits you but does no damage.
You are lethally poisoned!
You hit the kobold.
You kill the kobold!
You feel very sick.
Your Axes skill increases to level 2!
There is a lethal amount of poison in your body!
You feel sick.
There is a lethal amount of poison in your body!
You feel sick.
There is a lethal amount of poison in your body!
You feel sick.
There is a lethal amount of poison in your body!
You feel sick.
There is a lethal amount of poison in your body!
You feel sick.
There is a lethal amount of poison in your body!
You die...

#.#.# #.#.# #(#.#
#.#.# .. #.#
########.#
#########.......###
..................
####...%........#
......)@........#
####............#
#............#
###.##?......#
##.#####.#.## #..
.....##....###..
##...
.#.............#
...##
##...###.######## #
##...## ##.#.# #.#


There were no monsters in sight!

Vanquished Creatures
  A dart slug (D:1)
  2 bats (D:1)
  An endoplasm (D:1)
  A goblin (D:1)
  A hobgoblin (D:1)
  A quokka (D:1)
  3 ball pythons (D:1)
  2 frilled lizards (D:1)
  2 kobolds (D:1)
  2 rats (D:1)
16 creatures vanquished.

Notes
Turn   | Place    | Note
-------+----------+-------------------------------------------
     0 | D:1      | qw the Ogre Enchanter began the quest for the Orb.
     0 | D:1      | Reached XP level 1. HP: 16/16 MP: 3/3
     0 | D:1      | 0 ||| qw: Version: 0.1-a-102-g441f92d
     0 | D:1      | 0 ||| qw: Game counter: 5268
     0 | D:1      | 0 ||| qw: Always use a shield: true
     0 | D:1      | 0 ||| qw: God list: Okawaru
     0 | D:1      | 0 ||| qw: Allow faded altars: false
     0 | D:1      | 0 ||| qw: Do Orc after D:15 true
     0 | D:1      | 0 ||| qw: Do second Lair branch before Depths: true
     0 | D:1      | 0 ||| qw: Lair rune preference: random
     0 | D:1      | 0 ||| qw: Plans: Normal
     0 | D:1      | 0 ||| PLANNING D:1-11
   108 | D:1      | 108 ||| SWAPPING to +0 short sword.
   117 | D:1      | 117 ||| DROPPING +1 dagger.
   155 | D:1      | 155 ||| SWAPPING to +0 mace.
   156 | D:1      | 156 ||| DROPPING +0 short sword.
   171 | D:1      | Reached skill level 1 in Axes
   185 | D:1      | Reached skill level 1 in Fighting
   204 | D:1      | Reached XP level 2. HP: 27/27 MP: 5/5
   559 | D:1      | 559 ||| Stepping ~*~*~tactically~*~*~ (stealth).
   562 | D:1      | 562 ||| Stepping ~*~*~tactically~*~*~ (stealth).
   628 | D:1      | HP: 5/27 [poisoned by a kobold]
   631 | D:1      | HP: 2/27 [poisoned by a kobold]
   633 | D:1      | Succumbed to a kobold's poison

Levels and vault maps discovered:
D:1:      shiori_arrival_maze, layout_loops_ring, grunt_decor_one_mirror

Skill      XL: |  1  2 |
---------------+-------+-----
Axes           | 1 2 |  2.0
Fighting       | 1 |  1.0
Short Blades   | |  0.8
Dodging        | |  1.7
Stealth        | |  2.1
Spellcasting   | |  2.4
Hexes          | |  2.6

Action                   || total
-------------------------++-------
Melee: Mace              ||    47
       Dagger            ||     5
       Short sword       ||     4
       Punch             ||     2
Armor: Robe              ||    25
Dodge: Dodged            ||    21

Table legend:
 A = Non-vault XP
 B = Vault XP
 C = Vault XP percentage of total XP
 D = Non-vault monster count
 E = Vault monster count
 F = Vault count percentage of total count
                 A         B        C        D         E       F
            +---------+---------+-------+---------+---------+-------
      Total |      22 |       3 |  12.0 |      14 |       2 |  12.5
            +---------+---------+-------+---------+---------+-------
        D:1 |      22 |       3 |  12.0 |      14 |       2 |  12.5
            +---------+---------+-------+---------+---------+-------
